 Dungeon Crawl Stone Soup version 0.23-a0-639-ga9a3373 (console) character file.

8 Duffy the Firebug (level 2, -1/19 HPs)
             Began as a Demonspawn Fire Elementalist on Dec 29, 2018.
             Slain by a giant cockroach (2 damage)
             ... on level 1 of the Dungeon.
             The game lasted 00:00:21 (227 turns).

Duffy the Firebug (Demonspawn Fire Elementalist)     Turns: 227, Time: 00:00:22

Health: -1/19      AC:  8    Str:  8    XL:     2   Next: 0%
Magic:  5/5        EV: 12    Int: 16    God:
Gold:   0          SH:  0    Dex: 13    Spells: 4/5 levels left

rFire    . . .     SeeInvis .   (no weapon)
rCold    . . .     Gourm    .   (no shield)
rNeg     . . .     Faith    .   a - +0 robe
rPois    .         Spirit   .   (no helmet)
rElec    .         Reflect  .   (no cloak)
rCorr    .         Harm     .   (no gloves)
MR       .....                  (no boots)
Stlth    ++........             (no amulet)
HPRegen  0.06/turn              (no ring)
MPRegen  0.09/turn              (no ring)

@: sanguine armour
A: sanguine armour 1
a: no special abilities


You were on level 1 of the Dungeon.
You were not hungry.

You visited 1 branch of the dungeon, and saw 1 of its levels.

Inventory:

Armour
 a - a +0 robe (worn)
Comestibles
 b - 2 chunks of flesh
 c - a ration


   Skills:
 - Level 1.7 Dodging
 - Level 1.7 Stealth
 + Level 2.2 Spellcasting
 + Level 1.3 Conjurations
 + Level 2.9 Fire Magic


You had 4 spell levels left.
You knew the following spells:

 Your Spells              Type           Power        Failure   Level  Hunger
h - Flame Tongue          Conj/Fire      #....        9%          1    #......

Your spell library contained the following spells:

 Spells                   Type           Power        Failure   Level  Hunger
 Throw Flame              Conj/Fire      #.....       13%         2    ###....
 Conjure Flame            Conj/Fire      #.......     26%         3    ###....
 Inner Flame              Hex/Fire       #.......     32%         3    ###....
 Sticky Flame             Conj/Fire      #.......     63%         4    #####..
 Fireball                 Conj/Fire      #.........   93%         5    ######.


Dungeon Overview and Level Annotations

Branches:
Dungeon (1/15)

Altars:


Innate Abilities, Weirdness & Mutations

When seriously injured, your bleeding wounds create armour. (AC +6)


Message History

The leopard gecko barely misses you. The giant cockroach closely misses you.
The kobold closely misses you. The leopard gecko closely misses you.
The giant cockroach closely misses you. The kobold barely misses you.
The leopard gecko bites you but does no damage.
The giant cockroach bites you but does no damage.
The kobold hits you but does no damage. The leopard gecko closely misses you.
The giant cockroach bites you but does no damage.
The kobold closely misses you. The leopard gecko closely misses you.
The giant cockroach bites you but does no damage.
The leopard gecko bites you.
* * * LOW HITPOINT WARNING * * *
The kobold closely misses you. The giant cockroach barely misses you.
The leopard gecko barely misses you. The giant cockroach closely misses you.
The kobold hits you but does no damage. The leopard gecko barely misses you.
The giant cockroach bites you but does no damage.
The kobold hits you but does no damage.
The leopard gecko bites you but does no damage.
The giant cockroach bites you.
You die...

### #.#############
###..........%..#####.#.
....###########.........
##..# #).####.# #..# ##
#..####+#. #..# b
#.@Kw..... #..# .#
#.ls...... ##..##.#####
#......$.. ............
#..##..... ##........#
#..# ..... .....#+#..r.
...# ..#. ###>...$#.##
#..# ..# #....$+ #..# .#
#..%..#


You could see a dart slug, a leopard gecko, a giant cockroach and a kobold.

Vanquished Creatures
  A dart slug (D:1)
  A hobgoblin (D:1)
  2 bats (D:1)
  2 frilled lizards (D:1)
  A rat (D:1)
7 creatures vanquished.

Notes
Turn   | Place    | Note
-------+----------+-------------------------------------------
     0 | D:1      | Duffy the Demonspawn Fire Elementalist began the quest for
                  | the Orb.
     0 | D:1      | Reached XP level 1. HP: 13/13 MP: 3/3
   187 | D:1      | Gained mutation: When seriously injured, your bleeding
                  | wounds create armour. (AC +6) [demonic ancestry]
   187 | D:1      | Reached XP level 2. HP: 16/19 MP: 3/5
   227 | D:1      | Slain by a giant cockroach

Vault maps used:
D:1:      kennysheep_arrival_forest, nemelex_diamond_rough_becter

Action                   || total
-------------------------++-------
Melee: Unarmed           ||     1
 Cast: Flame Tongue      ||    10
Armor: Robe              ||    37
Dodge: Dodged            ||    73

Table legend:
 A = Non-vault XP
 B = Vault XP
 C = Vault XP percentage of total XP
 D = Non-vault monster count
 E = Vault monster count
 F = Vault count percentage of total count
                 A         B        C        D         E       F
            +---------+---------+-------+---------+---------+-------
      Total |      12 |       0 |   0.0 |       7 |       0 |   0.0
            +---------+---------+-------+---------+---------+-------
        D:1 |      12 |       0 |   0.0 |       7 |       0 |   0.0
            +---------+---------+-------+---------+---------+-------
